AoeStats
← Oldspice

Pilgrims

509752348Analyzed
4v4 RM · 4d ago on Sep 27, 2026· 45m 1s· 8 players
Game mode
Random Map
Map size
Large (8 player)
Population
200
Speed
Normal
Resources
Standard
Victory
Conquest
Starting age
Dark Age
Ending age
Imperial Age
RankedLock teamsTeams togetherTeam positionsShared explorationLock speedFull tech treeHidden civsTurbo modeCheats
Victory
Defeat
🇨🇴 Poles · Colombia
1619
+12
🇨🇴 Mongols · Colombia
1601
+13
🇺🇸 Saracens · United States
1558
+14
🇵🇪 Huns · Peru
1506
+16
🇨🇱 Khitans · Chile
1662
-19
🇨🇱 Persians · Chile
1551
-15
🇨🇱 Huns · Chile
1505
-13
🇨🇱 Wei · Chile
1374
-8
Oldspice
10:24 Feudal Age
11:05 Double-Bit Axe
11:49 Fletching
18:53 Castle Age
16:57 Loom
19:44 Medium Warships
19:38 Bodkin Arrow
19:59 Horse Collar
25:00 Bow Saw
25:08 Stone Mining
28:29 Wheelbarrow
32:58 Imperial Age
32:26 Husbandry
33:25 Forging
33:22 Scale Barding Armor
35:49 Heavy Plow
35:30 Elite Mameluke
37:28 Bloodlines
39:59 Chain Barding Armor
40:25 Hand Cart
42:04 Plate Barding Armor
43:41 Iron Casting
43:40 Conscription
MZTK | KaLiuM
8:23 Loom
10:33 Feudal Age
12:29 Double-Bit Axe
16:32 Castle Age
14:27 Horse Collar
16:21 Fletching
17:03 Stone Mining
26:28 Town Watch
27:43 Bodkin Arrow
27:44 Gold Mining
29:06 Wheelbarrow
29:11 Bow Saw
30:55 Bloodlines
30:46 Husbandry
31:59 Hand Cart
34:11 Ballistics
34:21 Thumb Ring
35:07 Padded Archer Armor
36:06 Leather Archer Armor
44:33 Imperial Age
42:16 Town Patrol
44:50 Elite Mangudai
45:36 Bracer
3Dominik
12:22 Feudal Age
16:48 Castle Age
15:15 Gold Mining
15:30 Fishing Lines
15:41 Double-Bit Axe
19:22 Medium Warships
19:52 Bow Saw
20:36 Demolition Ship
21:07 Gillnets
26:46 Wheelbarrow
25:57 Loom
28:29 Gold Shaft Mining
27:44 Stone Mining
27:38 Horse Collar
29:03 Hand Cart
28:34 Town Watch
32:31 Imperial Age
30:12 Scale Barding Armor
30:17 Forging
31:31 Chain Barding Armor
31:39 Husbandry
31:49 Bloodlines
33:15 Town Patrol
33:53 Iron Casting
33:08 Fletching
33:13 Cavalier
34:16 Conscription
35:10 Heavy Plow
36:13 Two-Man Saw
35:50 Plate Barding Armor
36:16 Blast Furnace
36:06 Paladin
40:22 Bodkin Arrow
44:58 Ballistics
45:38 Chemistry
44:50 Masonry
The .Gocho
5:28 Loom
10:19 Feudal Age
10:51 Town Watch
15:48 Castle Age
13:46 Fishing Lines
15:28 Double-Bit Axe
16:41 Medium Warships
17:51 Bow Saw
21:17 Demolition Ship
24:46 Wheelbarrow
25:47 Hand Cart
25:22 Horse Collar
25:49 Stone Mining
25:49 Gold Mining
26:04 Heavy Plow
26:35 Fletching
30:22 Forging
30:18 Scale Barding Armor
32:45 Imperial Age
30:28 Masonry
30:47 Szlachta Privileges
32:16 Iron Casting
32:08 Husbandry
32:19 Bloodlines
32:37 Chain Barding Armor
32:14 Bodkin Arrow
32:48 Cavalier
35:11 Light Cavalry
38:14 Blast Furnace
36:49 Winged Hussar
43:43 Chemistry
43:04 Ballistics
43:47 Lechitic Legacy
43:47 Conscription
[CL]CHiNO
11:06 Feudal Age
9:23 Loom
11:30 Double-Bit Axe
17:47 Castle Age
16:58 Forging
17:03 Gold Mining
19:14 Iron Casting
19:15 Medium Warships
19:33 Bow Saw
19:56 Fishing Lines
20:45 Demolition Ship
24:38 Wheelbarrow
24:20 Gillnets
27:39 Gold Shaft Mining
31:07 Imperial Age
30:14 Hand Cart
30:09 Scale Barding Armor
30:25 Horse Collar
31:13 Husbandry
31:09 Stone Mining
31:06 Cavalier
33:23 Two-Man Saw
33:16 Bloodlines
33:29 Conscription
33:45 Chain Barding Armor
34:26 Blast Furnace
33:19 Town Watch
33:22 Savar
34:44 Heavy Plow
37:14 Stone Shaft Mining
37:19 Light Cavalry
41:49 Crop Rotation
44:41 Coinage
[CL] ~C H R I $-
3:34 Loom
11:49 Feudal Age
15:01 Double-Bit Axe
15:23 Horse Collar
18:16 Castle Age
16:11 Gold Mining
16:12 Stone Mining
19:35 Bow Saw
22:34 Wheelbarrow
23:50 Scale Barding Armor
27:49 Chain Barding Armor
27:39 Forging
30:33 Iron Casting
30:12 Bloodlines
30:03 Husbandry
36:18 Imperial Age
34:09 Hand Cart
38:47 Blast Furnace
37:13 Elite Tiger Cavalry
38:49 Ming Guang Armor
[CL] ßitokø × 1876
5:10 Loom
11:36 Feudal Age
12:32 Double-Bit Axe
17:24 Castle Age
18:07 Fletching
18:46 Fishing Lines
27:26 Fervor
30:22 Wheelbarrow
30:10 Gillnets
31:20 Bodkin Arrow
32:24 Hand Cart
33:05 Bow Saw
32:36 Horse Collar
33:53 Heavy Plow
39:50 Imperial Age
42:56 Imperial Age
40:11 Town Watch
42:18 Thumb Ring
[CL]Jupy
10:37 Feudal Age
11:08 Double-Bit Axe
11:07 Fishing Lines
12:18 Forging
12:42 Loom
18:12 Castle Age
19:13 Medium Warships
19:40 Iron Casting
19:34 Bow Saw
22:16 Wheelbarrow
22:06 Gold Mining
24:04 Gillnets
26:39 Scale Barding Armor
27:19 Husbandry
29:55 Hand Cart
36:09 Imperial Age
33:29 Treadmill Crane
33:51 Fletching
34:11 Stone Mining
34:26 Town Watch
34:22 Domestication
34:25 Light Cavalry
35:16 Bodkin Arrow
37:05 Bracer
37:40 Heavy Warships
37:13 Heavy Camel Rider
38:32 Chain Barding Armor
38:25 Pastoralism
39:49 Chemistry
40:24 Conscription
42:46 Stone Shaft Mining
42:49 Thumb Ring
43:21 Ballistics
43:35 Heavy Cavalry Archer
44:57 Plate Barding Armor
Connection lost

Rejoining the realm…

Still unreachable

The connection could not be restored.

Session expired

The server has moved on; the page needs a fresh start.